 Dungeon Crawl Stone Soup version 0.25-a0-940-gc6eaff51cc (webtiles) character file.

Game seed: 10890378115601333019, levelgen mode: deterministic

55 Hasart the Magician (level 3, -7/19 HPs)
             Began as a Deep Elf Wizard on May 6, 2020.
             Blown up by Ijyb (26 damage)
             ... with a disintegration bolt
             ... on level 3 of the Dungeon.
             The game lasted 00:02:38 (1824 turns).

Hasart the Magician (Deep Elf Wizard)               Turns: 1824, Time: 00:02:38

Health: -7/19      AC:  2    Str:  4    XL:     3   Next: 67%
Magic:  9/11       EV: 13    Int: 23    God:
Gold:   129        SH:  0    Dex: 13    Spells: 3/11 levels left

rFire    . . .     SeeInvis .   o - +4 short sword
rCold    . . .     Gourm    .   (no shield)
rNeg     . . .     Faith    .   a - +0 robe
rPois    .         Spirit   .   b - +0 hat
rElec    .         Reflect  .   (no cloak)
rCorr    .         Harm     .   (no gloves)
MR       .....                  (no boots)
Stlth    ++........             f - amulet of regeneration
HPRegen  0.46/turn              (no ring)
MPRegen  0.12/turn              (no ring)

@: no status effects
A: no striking features
a: no special abilities


You were on level 3 of the Dungeon.
You were not hungry.

You visited 1 branch of the dungeon, and saw 4 of its levels.

You collected 129 gold pieces.

Inventory:

Hand Weapons
 o - a +4 short sword (weapon)
Armour
 a - a +0 robe (worn)
 b - a +0 hat (worn)
Jewellery
 f - an amulet of regeneration (around neck)
 m - an uncursed ring of fire
Scrolls
 c - 2 scrolls of amnesia {unknown}
 g - 2 scrolls of noise {unknown}
 i - a scroll of magic mapping {unknown}
 l - a scroll of identify {unknown}
 n - a scroll of teleportation {unknown}
Potions
 e - a potion of invisibility {unknown}
 k - a potion of haste {unknown}
Comestibles
 d - 3 rations
 h - a chunk of flesh


   Skills:
 + Level 3.1 Dodging
 - Level 2.4 Stealth
 + Level 4.9 Spellcasting
 * Level 2.8 Conjurations
 + Level 1.2 Summonings
 + Level 1.2 Translocations
 + Level 0.2 Air Magic
 + Level 0.2 Poison Magic


You had 3 spell levels left.
You knew the following spells:

 Your Spells              Type           Power        Failure   Level  Hunger
a - Magic Dart            Conj           ###.         3%          1    None
b - Call Imp              Summ           ##......     9%          2    None
c - Blink                 Tloc           N/A          9%          2    None
d - Mephitic Cloud        Conj/Pois/Air  ##......     19%         3    ##.....

Your spell library contained the following spells:

 Spells                   Type           Power        Failure   Level  Hunger
 Slow                     Hex            #.......     14%         2    None
 Conjure Flame            Conj/Fire      ##......     16%         3    ##.....


Dungeon Overview and Level Annotations

Branches:
Dungeon (4/15)
 Temple: D:4-7

Altars:

Annotations:
D:3 Ijyb


Message History

Ijyb the Twisted Goblin comes into view.
She is wielding a +0 club and carrying a wand of disintegration (13).
Ijyb is nearby!
Ijyb is nearby!
Casting: Magic Dart (safe; 3% risk of failure)
Confirm with . or Enter, or press ? or * to list all spells.
Aiming: Magic Dart (safe; 3% risk of failure)
Press: ? - help, Shift-Dir - straight line, f - Ijyb
Aim: Ijyb, wielding a +0 club, wearing a cursed +0 leather armour and carrying a wand of disintegration (13) (resting)
The magic dart hits Ijyb.
Ijyb is lightly wounded.
Casting: Magic Dart (safe; 3% risk of failure)
Confirm with . or Enter, or press ? or * to list all spells.
Aiming: Magic Dart (safe; 3% risk of failure)
Press: ? - help, Shift-Dir - straight line, f/p - Ijyb
Aim: Ijyb, wielding a +0 club, wearing a cursed +0 leather armour and carrying a wand of disintegration (13) (lightly wounded)
The magic dart hits Ijyb but does no damage.
Ijyb is lightly wounded.
Ijyb zaps a wand.
You are blasted!
Ouch! That really hurt!
You die...

...# #.#.##.##.#
#.........##. ...#
#.#.##.##.#
######.#..... .....
.....#.##.# ## #.#..##.
...### .#..[....#..
#....... ....
#.##.#.##.#. ###.##.#
..... ..##. ..... #.....
...... g... #.# #.....
#..##.# ##.#.#
#...@.###### #.#.#
#.###......# #.#.#
#.####.# #....
##.#####.####.########.#
............#.. ...##.#
..######.##.#.#####.##.#
#.##.#.##.......#
#..)......##.####
######.#####.#


You could see Ijyb.

Vanquished Creatures
  An adder (D:2)
  An ooze (D:2)
  2 dart slugs (D:2)
  A leopard gecko (D:2)
  A giant cockroach (D:1)
  3 goblins
  3 hobgoblins
  4 jackals (D:1)
  2 quokkas (D:2)
  7 bats
  5 frilled lizards
  2 kobolds (D:1)
  5 rats
37 creatures vanquished.

Notes
Turn   | Place    | Note
-------+----------+-------------------------------------------
     0 | D:1      | Hasart the Deep Elf Wizard began the quest for the Orb.
     0 | D:1      | Reached XP level 1. HP: 10/10 MP: 7/7
   280 | D:1      | Reached XP level 2. HP: 15/15 MP: 3/9
  1165 | D:2      | Reached XP level 3. HP: 19/19 MP: 6/11
  1169 | D:2      | Learned a level 2 spell: Call Imp
  1172 | D:2      | Learned a level 2 spell: Blink
  1176 | D:2      | Learned a level 3 spell: Mephitic Cloud
  1668 | D:2      | You fall into a shaft and drop 2 floors!
  1822 | D:3      | Noticed Ijyb
  1824 | D:3      | Blown up by Ijyb

Levels and vault maps discovered:
D:1:      dpeg_arrival_brainrot, layout_loops_ring, corexii_corridor_pit
D:2:      minmay_razor_zed, layout_loops_ring,
          grunt_dithmenos_smoke_and_mirrors, kennysheep_generic_room_13
D:3:      layout_loops_cross, nicolae_gozag_zags_fifth_avenue, first_ration,
          uniq_grinder, uniq_ijyb, uniq_jessica
D:4:      minmay_general_purpose_star, layout_cave_pools, lemuel_doored_altar,
          gammafunk_ghost_split

Skill      XL: |  1  2 |
---------------+-------+-----
Conjurations   | 2 |  2.8
Dodging        | 3 |  3.1
Stealth        | |  2.4
Spellcasting   | |  4.9
Summonings     | |  1.2
Translocations | |  1.2
Air Magic      | |  0.2
Poison Magic   | |  0.2

Action                   || total
-------------------------++-------
Melee: Dagger            ||    37
       Short sword       ||     1
 Cast: Magic Dart        ||    78
 Stab: Sleeping          ||     2
  Eat: Chunk             ||     3
Armor: Robe              ||    15
Dodge: Dodged            ||    37

Table legend:
 A = Non-vault XP
 B = Vault XP
 C = Vault XP percentage of total XP
 D = Non-vault monster count
 E = Vault monster count
 F = Vault count percentage of total count
                 A         B        C        D         E       F
            +---------+---------+-------+---------+---------+-------
      Total |      77 |       2 |   2.5 |      36 |       1 |   2.7
            +---------+---------+-------+---------+---------+-------
        D:1 |      28 |       2 |   6.7 |      19 |       1 |   5.0
        D:2 |      46 |       0 |   0.0 |      15 |       0 |   0.0
        D:3 |       3 |       0 |   0.0 |       2 |       0 |   0.0
            +---------+---------+-------+---------+---------+-------
